 Dungeon Crawl Stone Soup version 0.31-a0-716-gc760375 (webtiles) character file.

Game seed: 3879876937253971489

2025 BarneyGumball the Digger (level 9, -1/55 HPs)
             Began as a Deep Elf Earth Elementalist on Sept 9, 2023.
             Was an Initiate of Vehumet.
             Slain by an ice beast (13 damage)
             ... on level 8 of the Dungeon.
             The game lasted 00:21:37 (6404 turns).

BarneyGumball the Digger (DEEE)                     Turns: 6404, Time: 00:21:37

Health: -1/55      AC:  2    Str:  5    XL:     9   Next: 3%
Magic:  10/15      EV: 19    Int: 25    God:    Vehumet [......]
Gold:   473        SH:  0    Dex: 15    Spells: 6/14 levels left

rFire   . . .        B - +0 short sword (speed)
rCold   . . .        (no shield)
rNeg    . . .        a - +0 robe
rPois   .            (no helmet)
rElec   .            (no cloak)
rCorr   +            (no gloves)
SInv    .            (no boots)
Will    .....        u - amulet of magic regeneration
Stlth   ++           i - +5 ring of evasion
HPRegen 0.29/turn    A - ring of resist corrosion
MPRegen 0.54/turn

%: no passive effects
@: frozen, studying Fighting, very slow
A: no striking features
a: Renounce Religion


You were on level 8 of the Dungeon.
You worshipped Vehumet.
Vehumet was noncommittal.
You visited 2 branches of the dungeon, and saw 9 of its levels.

You collected 473 gold pieces.

Inventory:

Hand Weapons
 B - a +0 short sword of speed (weapon)
Missiles
 r - 36 poisoned darts (quivered)
 y - a throwing net
Armour
 a - a +0 robe (worn)
Jewellery
 i - a +5 ring of evasion (left hand)
 u - an amulet of magic regeneration (around neck)
 A - a ring of resist corrosion (right hand)
Wands
 e - a wand of paralysis (8)
Scrolls
 d - a scroll of noise {unknown}
 h - 4 scrolls of vulnerability
 l - a scroll of fog
 n - a scroll of enchant weapon {unknown}
 o - 5 scrolls of teleportation
 t - a scroll of brand weapon {unknown}
 v - a scroll of butterflies {unknown}
 z - a scroll of silence {unknown}
Potions
 b - 3 potions of magic
 c - a potion of attraction
 f - 2 potions of haste
 j - a potion of brilliance {unknown}
 k - 2 potions of cancellation
 m - a potion of invisibility {unknown}
 p - a potion of curing {unknown}
 q - a potion of berserk rage {unknown}
 s - a potion of resistance {unknown}
 w - 2 potions of might
 x - a potion of lignification {unknown}


   Skills:
 - Level 6.0 Fighting
 - Level 2.0 Maces & Flails
 - Level 5.0 Dodging
 - Level 2.4 Stealth
 - Level 3.0 Spellcasting
 + Level 6.9 Conjurations
 - Level 3.0 Translocations
 + Level 3.1 Transmutations
 - Level 7.0 Earth Magic


You had 6 spell levels left.
You knew the following spells:

 Your Spells              Type           Power      Damage    Failure   Level
a - Sandblast             Erth           76%        2d16      1%          1
b - Stone Arrow           Conj/Erth      76%        3d11      1%          3
c - Passwall              Tmut/Erth      24%        N/A       1%          2
d - Blink                 Tloc           36%        N/A       4%          2

Your spell library contained the following spells:

 Spells                   Type           Power      Damage    Failure   Level
 Momentum Strike          Conj/Tloc      56%        3d9       1%          2
 Lesser Beckoning         Tloc           36%        N/A       4%          2
 Iskenderun's Mystic Bla  Conj/Tloc      28%        2d7       13%         4
 Petrify                  Tmut/Erth      29%        N/A       13%         4
 Sublimation of Blood     Necr           3%         N/A       16%         2
 Leda's Liquefaction      Hex/Erth       10%        N/A       24%         4
 Passage of Golubria      Tloc           18%        N/A       28%         4
 Call Canine Familiar     Summ           3%         N/A       30%         3
 Sigil of Binding         Hex            3%         N/A       30%         3
 Tukima's Dance           Hex            3%         N/A       30%         3
 Irradiate                Conj/Tmut      14%        3d16      34%         5
 Dimensional Bullseye     Hex/Tloc       5%         N/A       47%         4
 Silence                  Hex/Air        1%         N/A       95%         5
 Lehudib's Crystal Spear  Conj/Erth      19%        10d6      100%        8


Dungeon Overview and Level Annotations

Branches:
Dungeon (8/15)             Temple (1/1) D:7
   Lair: D:8-11

Altars:
Dithmenos
Elyvilon
Fedhas
Gozag
Hepliaklqana
Kikubaaqudgha
Makhleb
Nemelex Xobeh
Qazlal
Ru
Trog
Vehumet
Xom
Yredelemnul

Annotations:
D:4 exclusion: black bear
D:7 1 runed translucent door, exclusion: door, Crazy Yiuf


Message History

There is a stone staircase leading up here.
There is a staircase to the Ecumenical Temple here.
There is a stone staircase leading down here.
You climb downwards.
There is a stone staircase leading up here.
Casting: Stone Arrow (safe; 1% risk of failure)
Confirm with . or Enter, or press ? or * to list all spells.
Aiming: Stone Arrow (safe; 1% risk of failure)
Press: ? - help, Shift-Dir - straight line, f - ice beast
Aim: an ice beast (74% to hit)
The stone arrow misses the ice beast.
The howler monkey howls!
Casting: Stone Arrow (safe; 1% risk of failure)
Confirm with . or Enter, or press ? or * to list all spells.
Aiming: Stone Arrow (safe; 1% risk of failure)
Press: ? - help, Shift-Dir - straight line, f/p - ice beast
Aim: an ice beast (74% to hit)
The stone arrow hits the ice beast!
The ice beast is severely wounded.
The hornet buzzes angrily.
The howler monkey hoots and howls with incredible vigour!
You hear a shout!
You hear a loud, deep croak!
You hear a howl!
You hear a shout! x3; You hear a howl!
You hear a shout! x2
You hear an angry hiss.
You hear a shout! x5; You hear a loud, deep croak!
Casting: Stone Arrow (safe; 1% risk of failure)
Confirm with . or Enter, or press ? or * to list all spells.
Aiming: Sandblast (safe; 1% risk of failure)
Press: ? - help, Shift-Dir - straight line, f/p - ice beast
Aim: an ice beast (severely wounded, 84% to hit)
The blast of sand hits the ice beast!
The ice beast is almost dead.
The rime drake breathes ice at you. The icy flash freeze hits you!!
You are encased in ice.
The ice beast hits you. The ice beast freezes you!
The steam dragon breathes steam at you. The ball of steam misses you.
The ice beast hits you.
* * * LOW HITPOINT WARNING * * *
The ice beast freezes you!
You die...

...... ... #
#....#........... ...
#§...............
#..##§#......F.!.....
#§§§........#......
#.§§§....k..........
.[...§§§...............
.............D.yh......
..............§@Y......
###.............#......
#.............## .....
##............# #...
.#..... #. #.....
#..... ......


You could see a rime drake, a hornet, a steam dragon, an ice beast, a bullfrog
and a howler monkey (catching breath).

Vanquished Creatures
  2 steam dragons (D:7)
  Menkaure (D:6)
  3 black bears
  3 ogres
  A phantom (D:6)
  A kobold brigand (D:7)
  2 bullfrogs (D:7)
  A gnoll sergeant (D:5)
  3 scorpions
  A vampire bat (D:5)
  4 hounds
  An orc priest (D:6)
  2 jellies
  3 iguanas
  An orc wizard (D:6)
  6 gnolls
  5 adders
  A shadow imp (D:6)
  A white imp (D:7)
  7 worms
  3 dart slugs
  7 orcs
  5 ball pythons
  A bat skeleton (D:5)
  3 bat zombies (D:5)
  14 endoplasms
  2 giant cockroaches (D:2)
  6 goblins
  6 hobgoblins
  7 jackals
  18 kobolds
  4 quokkas
  6 bats
  7 frilled lizards
  4 rats
142 creatures vanquished.

Notes
Turn   | Place    | Note
-------+----------+-------------------------------------------
     0 | D:1      | BarneyGumball the Deep Elf Earth Elementalist began the
                  | quest for the Orb.
     0 | D:1      | Reached XP level 1. HP: 10/10 MP: 6/6
   130 | D:1      | Reached skill level 1 in Conjurations
   195 | D:1      | Reached XP level 2. HP: 15/15 MP: 5/8
   432 | D:1      | Reached skill level 4 in Earth Magic
   725 | D:1      | Reached XP level 3. HP: 19/19 MP: 7/9
  1063 | D:2      | Learned a level 3 spell: Stone Arrow
  1076 | D:2      | Found a burning altar of Makhleb.
  1186 | D:2      | Reached XP level 4. HP: 16/24 MP: 6/10
  1852 | D:3      | Reached skill level 1 in Maces & Flails
  2371 | D:3      | Reached XP level 5. HP: 28/28 MP: 6/11
  2569 | D:3      | Found a shimmering altar of Xom.
  2651 | D:4      | Noticed a black bear
  2752 | D:4      | Noticed an ogre
  2755 | D:4      | Killed an ogre
  2756 | D:4      | Reached skill level 5 in Earth Magic
  3198 | D:4      | Found a burning altar of Makhleb.
  3255 | D:4      | Noticed an ogre
  3260 | D:4      | Killed an ogre
  3261 | D:4      | Reached XP level 6. HP: 32/32 MP: 10/12
  3264 | D:4      | Learned a level 2 spell: Passwall
  3672 | D:5      | Entered Level 5 of the Dungeon
  3804 | D:5      | Reached skill level 5 in Conjurations
  3804 | D:5      | Reached skill level 6 in Earth Magic
  3804 | D:5      | Reached XP level 7. HP: 36/36 MP: 11/13
  4064 | D:5      | Found a shadowy altar of Dithmenos.
  4200 | D:5      | Found an ancient bone altar of Kikubaaqudgha.
  4820 | D:6      | Reached skill level 1 in Fighting
  4820 | D:6      | Reached skill level 7 in Earth Magic
  5004 | D:6      | Learned a level 2 spell: Blink
  5008 | D:6      | Found a hazy altar of Hepliaklqana.
  5120 | D:6      | Reached skill level 1 in Translocations
  5120 | D:6      | Reached XP level 8. HP: 46/46 MP: 5/14
  5308 | D:6      | Noticed Menkaure
  5524 | D:6      | Killed Menkaure
  5768 | D:7      | Reached skill level 5 in Fighting
  5768 | D:7      | Reached skill level 5 in Dodging
  5901 | D:7      | Found a staircase to the Ecumenical Temple.
  5910 | Temple   | Entered the Ecumenical Temple
  5919 | Temple   | Became a worshipper of Vehumet
  6101 | D:7      | Reached XP level 9. HP: 55/55 MP: 7/15
  6146 | D:7      | Found a runed translucent door.
  6147 | D:7      | Noticed Crazy Yiuf
  6368 | D:8      | Noticed a rime drake
  6404 | D:8      | Slain by an ice beast

Illustrated notes

Levels and vault maps discovered:
D:1:      nzn_arrival_crosshair, layout_basic, minmay_octomino_j4
D:2:      layout_rooms, basic_altar
D:3:      cheibrodos_fertilizer, layout_loops_ring, mainiacjoe_overflow_alcove_2
D:4:      layout_loops_corners, kennysheep_little_box
D:5:      layout_loops_corners, nicolae_dithmenos_the_darkroom,
          kennysheep_vampire_church
D:6:      layout_gridville, general_overflow_altar, uniq_menkaure
D:7:      layout_cave_pools, minmay_temple_entry_purple_smoke,
          uniq_crazy_yiuf_cottage
D:8:      layout_cave_pools, amcnicky_altar_gilded, minmay_overflow_temple_hex,
          hellmonk_lair_entry_icy
Temple:   nicolae_temple_ecumenical_triangle

Skill      XL: |  1  2  3  4  5  6  7  8  9 |
---------------+----------------------------+-----
Conjurations   | 1 2 3 4 5 6 |  6.9
Earth Magic    | 4 5 6 7 |  7.0
Maces & Flails | 1 2 |  2.0
Fighting       | 3 6 |  6.0
Dodging        | 3 5 |  5.0
Translocations | 1 3 |  3.0
Transmutations | 2 3 |  3.1
Stealth        | |  2.4
Spellcasting   | |  3.0

Action                     |  1- 3 |  4- 6 |  7- 9 || total
---------------------------+-------+-------+-------++-------
  Melee: Whip              |     4 |       |     2 ||     6
  Throw: Dart              |       |    11 |    21 ||    32
   Cast: Sandblast         |    62 |    78 |    32 ||   172
         Stone Arrow       |       |       |    48 ||    48
         Passwall          |       |       |     2 ||     2
         Blink             |       |       |     1 ||     1
    Use: Scroll            |       |       |     8 ||     8
         Potion            |       |       |     2 ||     2
 Armour: Robe              |     7 |     6 |    24 ||    37
  Dodge: Dodged            |    11 |     9 |    23 ||    43

Table legend: (Time is in decaauts)
 A = Elapsed time spent in this place.
 B = Non-inter-level travel time spent in this place.
 C = Inter-level travel time spent in this place.
 D = Time resting spent in this place.
 E = Time spent auto-exploring this place.
 F = Levels seen in this place.
 G = Mean time per level.
                   A        B        C        D        E       F      G
               +--------+--------+--------+--------+--------+-----+--------+
         Total |   6487 |   6057 |    430 |    284 |   4605 |   9 |  720.8 |
       Dungeon |   6468 |   6055 |    413 |    284 |   4605 |   8 |  808.5 |
        Temple |     18 |      1 |     17 |      0 |      0 |   1 |   18.0 |
               +--------+--------+--------+--------+--------+-----+--------+

Top non-repeatable levels by time:
     D:5: 1069 daAuts
     D:3: 1061 daAuts
     D:4: 1057 daAuts
     D:6: 1014 daAuts
     D:1: 871 daAuts
     D:2: 746 daAuts
     D:7: 633 daAuts
  Temple: 18 daAuts
     D:8: 14 daAuts
